 Dungeon Crawl Stone Soup version 0.30-a0-475-g03497ec522 (webtiles) character file.

Game seed: 10575482877194155169

259 Adrian566 the Chopper (level 6, -1/38 HPs)
             Began as a Gargoyle Fighter on Dec 21, 2022.
             Was a Plaything of Xom.
             Slain by an orc priest
             ... wielding a +0 short sword
              (2 damage)
             ... on level 4 of the Dungeon.
             The game lasted 00:03:55 (2773 turns).

Adrian566 the Chopper (Gargoyle Fighter)            Turns: 2773, Time: 00:03:55

Health: -1/38      AC: 14    Str: 27    XL:     6   Next: 17%
Magic:  6/6        EV:  9    Int:  9    God:    Xom [......]
Gold:   179        SH:  0    Dex:  9    Spells: 5/5 levels left

rFire   . . .      SeeInvis .    a - +1 war axe
rCold   . . .      Faith    .    c - +0 buckler
rNeg    + . .      Spirit   .    b - +0 scale mail
rPois   ∞          Reflect  .    (no helmet)
rElec   +          Harm     .    g - +1 cloak
rCorr   .          Rampage  .    e - +0 pair of gloves
Will    .....                    (no boots)
Stlth   ..........               (no amulet)
HPRegen 0.26/turn                v - +6 ring of strength
MPRegen 0.10/turn                (no ring)

@: confused
A: sickness immunity, AC +4, negative energy resistance 1, electricity
resistance, torment resistance 1, petrification resistance
a: Renounce Religion


You were on level 4 of the Dungeon.
You worshipped Xom.
You were a very special plaything of Xom.
You visited 1 branch of the dungeon, and saw 4 of its levels.

You collected 179 gold pieces.

Inventory:

Hand Weapons
 a - a +1 war axe (weapon)
Armour
 b - a +0 scale mail (worn)
 c - a +0 buckler (worn)
 e - a +0 pair of gloves (worn)
 g - a +1 cloak (worn)
Jewellery
 v - a +6 ring of strength (left hand)
Scrolls
 h - 7 scrolls of teleportation
 j - 2 scrolls of immolation
Potions
 i - a potion of degeneration
 m - a potion of berserk rage {unknown}
 n - a potion of haste
 o - a potion of magic {unknown}
 r - a potion of curing
 t - a potion of heal wounds
 w - a potion of lignification


   Skills:
 + Level 3.8 Fighting
 * Level 4.3 Axes
 + Level 4.2 Armour
 + Level 0.7 Dodging
 + Level 0.7 Stealth
 + Level 4.0 Shields


You had 5 spell levels left.
You didn't know any spells.
Your spell library contained the following spells:

 Spells                   Type           Power      Damage    Failure   Level
 Magic Dart               Conj           0%         1d3       75%         1
 Searing Ray              Conj           0%         2d4       86%         2
 Fulminant Prism          Conj/Hex       0%         3d5       100%        4


Dungeon Overview and Level Annotations

Branches:
Dungeon (4/15)
 Temple: D:4-7

Altars:
Gozag
Xom


Innate Abilities, Weirdness & Mutations

You are immune to sickness and miasma.
Your stone body is resilient. (AC +4)
You are immune to poison.
You resist negative energy. (rN+)
You are resistant to electric shocks. (rElec)
You are resistant to unholy torment.
You are immune to petrification.


Message History

You barely miss the orc priest.
The orc priest mumbles some strange prayers to Beogh against you.
Beogh smites you!
You are too injured to fight recklessly!
You are too injured to fight recklessly!
You are too injured to fight recklessly!
You are too injured to fight recklessly!
You are too injured to fight recklessly!
You are too injured to fight recklessly!
You are too injured to fight recklessly!
You are too injured to fight recklessly!
You are too injured to fight recklessly!
You are too injured to fight recklessly!
You are too injured to fight recklessly!
You are too injured to fight recklessly!
You are too injured to fight recklessly!
You are too injured to fight recklessly!
You are too injured to fight recklessly!
You hit the orc priest.
The orc priest is lightly wounded.
The orc priest barely misses you.
You barely miss the orc priest.
The orc priest is lightly wounded.
Xom's power touches on your mind for a moment.
You are confused.
The orc priest hits you but does no damage.
The orc priest barely misses you.
You bump into the rock wall.
The orc priest barely misses you.
You hit the orc priest but do no damage.
The orc priest is lightly wounded.
The orc priest hits you with a +0 short sword.
The orc priest attacks as you move away!
The orc priest closely misses you.
The orc priest calls down the wrath of Beogh upon you.
Beogh smites you!
* * * LOW HITPOINT WARNING * * *
Xom is highly amused!
The orc priest hits you with a +0 short sword.
You die...
Xom bursts into laughter!

.......#........####.....#o#.###
.................. +...........
........###.....## #.....#.#.###
.......................###.#.#
........#..(..##.#..#..# # .
........#......#....... #
....##..##...###.# ..
....##..#........#.##.##
....##..#.......@oS.....
#'#)).........#..#.#....
).)..............#.# ..
..)........####..# #
#(#.##..........##
.................
#.......########## ....###.#
.#### #.#


You could see an orc priest and a ball python.

Vanquished Creatures
  An ogre (D:3)
  An iguana (D:3)
  An orc wizard (D:4)
  Robin (D:4)
  A gnoll (D:4)
  An adder (D:2)
  A dart slug (D:2)
  2 worms
  3 orcs
  2 ball pythons
  3 endoplasms (D:2)
  2 giant cockroaches
  27 goblins
  6 hobgoblins
  10 jackals
  3 bats
  A frilled lizard (D:3)
  6 kobolds
  3 rats
75 creatures vanquished.

Notes
Turn   | Place    | Note
-------+----------+-------------------------------------------
     0 | D:1      | Adrian566 the Gargoyle Fighter began the quest for the Orb.
     0 | D:1      | Reached XP level 1. HP: 14/14 MP: 1/1
   126 | D:1      | Reached XP level 2. HP: 19/19 MP: 2/2
   703 | D:2      | Found a faded altar of an unknown god.
   744 | D:2      | Prayed at the altar of an unknown god.
   744 | D:2      | Became a worshipper of Xom of Chaos
   795 | D:2      | Reached XP level 3. HP: 23/23 MP: 3/3
  1174 | D:2      | XOM: silly message
  1178 | D:2      | XOM: silly message
  1364 | D:3      | Reached XP level 4. HP: 28/28 MP: 4/4
  1477 | D:3      | Found an opulent altar of Gozag.
  1677 | D:3      | XOM: noise
  1813 | D:3      | Noticed an ogre
  1829 | D:3      | XOM: potion effect (haste)
  1834 | D:3      | Killed an ogre
  1835 | D:3      | Reached XP level 5. HP: 31/33 MP: 5/5
  1909 | D:3      | XOM: divination: magic mapping
  2198 | D:3      | XOM: draining
  2511 | D:4      | Reached XP level 6. HP: 15/36 MP: 6/6
  2710 | D:4      | Noticed Robin
  2741 | D:4      | Killed Robin
  2769 | D:4      | XOM: confusion
  2772 | D:4      | HP: 1/38 [orc priest/divine providence (13)]
  2773 | D:4      | Slain by an orc priest

Illustrated notes

Levels and vault maps discovered:
D:1:      wander_arrival_peaceful_grave, layout_loops_cross, nrook_campfire
D:2:      minmay_wonky_spiral, layout_basic, ebering_ecumenical_altar_abandoned
D:3:      layout_basic, nicolae_gozag_cash_rules_everything_around_me,
          minmay_ogre_servants
D:4:      layout_basic, serial_shops, shop_fountains, uniq_menkaure, uniq_robin,
          uniq_edmund

Skill      XL: |  1  2  3  4  5 |
---------------+----------------+-----
Axes           | 2 3 4 |  4.3
Armour         | 4 |  4.2
Shields        | 4 |  4.0
Fighting       | |  3.8
Dodging        | |  0.7
Stealth        | |  0.7

Action                   |  1- 3 |  4- 6 || total
-------------------------+-------+-------++-------
Melee: War axe           |   105 |   105 ||   210
  Use: Scroll            |       |    10 ||    10
       Potion            |       |     6 ||     6
Armor: Scale mail        |    67 |    61 ||   128
Dodge: Dodged            |    65 |    55 ||   120
Block: Buckler           |    32 |    23 ||    55

Table legend: (Time is in decaauts)
 A = Elapsed time spent in this place.
 B = Non-inter-level travel time spent in this place.
 C = Inter-level travel time spent in this place.
 D = Time resting spent in this place.
 E = Time spent auto-exploring this place.
 F = Levels seen in this place.
 G = Mean time per level.
                   A        B        C        D        E       F      G
               +--------+--------+--------+--------+--------+-----+--------+
         Total |   2822 |   2574 |    248 |     25 |   1997 |   4 |  705.5 |
       Dungeon |   2822 |   2574 |    248 |     25 |   1997 |   4 |  705.5 |
               +--------+--------+--------+--------+--------+-----+--------+

Top non-repeatable levels by time:
     D:3: 1176 daAuts
     D:1: 723 daAuts
     D:2: 658 daAuts
     D:4: 263 daAuts
